 Dungeon Crawl Stone Soup version 0.16-a0-1761-g9575c7c (webtiles) character file.

1737 ztt the Chiller (level 8, -9/54 HPs)
             Began as a Demonspawn Ice Elementalist on Oct 31, 2014.
             Was a Follower of Sif Muna.
             Mangled by an ice beast (12 damage)
             ... on level 6 of the Dungeon.
             The game lasted 00:33:54 (10013 turns).

ztt the Chiller (Demonspawn Ice Elementalist)      Turns: 10013, Time: 00:33:54

Health: -9/54      AC:  4    Str:  9    XL:     8   Next: 76%
Magic:  20/22      EV: 20    Int: 18    God:    Sif Muna [*.....]
Gold:   320        SH:  0    Dex: 19    Spells: 3 memorised, 13 levels left

rFire  . . .     SeeInvis .     H - +0 dagger (pain)
rCold  . . .     Clarity  .     a - +0 robe
rNeg   . . .     SustAb   .     (no shield)
rPois  .         Gourm    .     (helmet restricted)
rElec  .         Spirit   .     (no cloak)
rCorr  .         Warding  .     (no gloves)
rMut   .         Stasis   .     (no boots)
MR     +....                    (no amulet)
Stlth  ++++++....               l - ring of stealth
                                e - ring of protection from magic

@: agile, very slightly contaminated, somewhat resistant to hostile
enchantments, very stealthy
A: horns 1, slimy green scales 1, nightstalker 1, rot immunity
a: Channel Energy, Renounce Religion


You were on level 6 of the Dungeon.
You worshipped Sif Muna.
Sif Muna was aware of your devotion.
You were not hungry.

You visited 2 branches of the dungeon, and saw 9 of its levels.

You collected 320 gold pieces.

Inventory:

Hand weapons
 h - a +2 whip of pain
 i - a cursed +2 dagger of speed
 p - a +0 blowgun
 H - a +0 dagger of pain (weapon)
Missiles
 q - 6 poisoned needles
Armour
 a - a +0 robe (worn)
Jewellery
 e - a ring of protection from magic (left hand)
 l - a ring of stealth (right hand)
 C - an uncursed ring of teleportation
Magical devices
 j - a wand of lightning (6)
 n - a wand of paralysis (5)
 w - a wand of frost (33)
 x - a wand of random effects (18)
 y - a wand of magic darts (24)
Scrolls
 d - 4 scrolls of teleportation
 o - 3 scrolls of remove curse
 r - a scroll of identify
 s - a scroll of magic mapping
 t - a scroll of fear
Potions
 m - 2 potions of invisibility {unknown}
 v - a potion of lignification
 z - 2 potions of curing
 E - a potion of confusion {unknown}
 F - a potion of agility
 G - a potion of cure mutation {unknown}
Books
 b - a book of Frost

   Spells                             Type                      Level
   *Freeze                            Ice                          1
   *Throw Frost                       Conjuration/Ice              2
   Ozocubu's Armour                   Charms/Ice                   3
   Throw Icicle                       Conjuration/Ice              4
   Summon Ice Beast                   Ice/Summoning                4
   Condensation Shield                Ice                          4
 u - a book of Burglary

   Spells                             Type                      Level
   Swiftness                          Charms/Air                   2
   Passwall                           Transmutation/Earth          3
   Passage of Golubria                Translocation                4
   Lee's Rapid Deconstruction         Earth                        5
   Invisibility                       Hexes                        6
   Darkness                           Hexes                        7
 D - a book of Envenomations

   Spells                             Type                      Level
   *Spider Form                       Transmutation/Poison         3
   Alistair's Intoxication            Transmutation/Poison         4
   Olgreb's Toxic Radiance            Poison                       4
   Poisonous Cloud                    Conjuration/Poison/Air       6
Comestibles
 c - 4 bread rations
 g - 2 meat rations
 k - 2 beef jerkies


   Skills:
 + Level 1.4 Fighting
 + Level 0.1 Short Blades
 + Level 0.6 Maces & Flails
 + Level 4.7 Dodging
 + Level 3.3 Stealth
 + Level 6.4 Spellcasting
 + Level 1.1 Conjurations
 + Level 6.6 Ice Magic


You had 13 spell levels left.
You knew the following spells:

 Your Spells              Type           Power        Failure   Level  Hunger
a - Freeze                Ice            ####         1%          1    None
b - Throw Frost           Conj/Ice       ###...       4%          2    None
c - Spider Form           Trmt/Pois      #.........   34%         3    ##.....


Dungeon Overview and Level Annotations

Branches:
Dungeon (8/15)             Temple (1/1) D:6
   Lair: D:8-11

Altars:
Ashenzari
Cheibriados
Dithmenos
Fedhas
Gozag
Kikubaaqudgha
Makhleb
Nemelex Xobeh
Qazlal
Ru
Sif Muna
Trog
Xom
The Shining One

Annotations:
D:4 1 exclusion


Innate Abilities, Weirdness & Mutations

You have a pair of small horns on your head.
You are partially covered in slimy green scales (AC +2).
You are slightly more attuned to the shadows.
You are immune to rotting.


Message History

The ice beast misses you.
You closely miss the ice beast. Your headbutt misses the ice beast.
The ice beast is heavily wounded.
The ice beast completely misses you.
You hit the ice beast but do no damage.
The ice beast is heavily wounded.
The ice beast misses you.
You closely miss the ice beast. Your headbutt misses the ice beast.
The ice beast is heavily wounded.
The ice beast hits you. The ice beast freezes you!
You hit the ice beast. Your headbutt misses the ice beast.
The ice beast is heavily wounded.
The ice beast hits you. The ice beast freezes you!
* * * LOW HITPOINT WARNING * * *
Drink which item? (? for menu, Esc to quit)
You feel agile all of a sudden. The ice beast hits you.
* * * LOW HITPOINT WARNING * * *
The ice beast freezes you!
You die...

................#
.......##.......#
.......##.......#########
.......###..............#
.......#................#
.......#.............)..#
.......#...........######
############...Y...#
≈≈≈≈≈≈≈≈≈≈≈#....@..#
≈≈≈≈≈≈≈≈≈≈≈#.......#
≈≈≈≈≈≈≈≈≈≈≈#.......#
≈≈≈#####≈≈≈#.......#
≈≈≈#...#≈≈≈#########
≈≈≈#.>.#≈≈≈#.#
≈≈≈#...#≈≈≈#.#
≈≈≈##.##≈≈≈#.##
≈≈≈≈#.#≈≈≈≈#..#


You could see an ice beast.

Vanquished Creatures
  2 ogres
  6 giant frogs
  Blork the orc (D:5)
  A scorpion (D:5)
  A hippogriff zombie (D:5)
  A wight (D:6)
  2 crimson imps
  4 orc priests
  2 jellies
  A hound (D:6)
  2 gnoll shamans (D:4)
  8 worker ants
  2 orc wizards (D:4)
  Ijyb (D:5)
  A mummy (D:7)
  11 gnolls
  10 adders
  A shadow imp (D:6)
  A giant mite (D:2)
  A worm (D:3)
  An adder skeleton (D:4)
  An adder zombie (D:6)
  3 giant geckos
  4 oozes
  16 orcs
  2 ball pythons
  A bat zombie (D:6)
  6 giant cockroaches
  7 hobgoblins
  5 quokkas
  17 bats
  8 giant newts
  11 goblins
  A hobgoblin skeleton (D:6)
  14 kobolds
  11 rats
167 creatures vanquished.

Notes
Turn   | Place    | Note
--------------------------------------------------------------
     0 | D:1      | ztt, the Demonspawn Ice Elementalist, began the quest for the Orb.
     0 | D:1      | Reached XP level 1. HP: 13/13 MP: 3/3
   337 | D:1      | Reached skill level 3 in Ice Magic
   423 | D:1      | Gained mutation: You have a pair of small horns on your head. [demonic ancestry]
   423 | D:1      | Reached XP level 2. HP: 19/19 MP: 0/4
   487 | D:1      | Learned a level 2 spell: Throw Frost
   933 | D:1      | Reached XP level 3. HP: 24/24 MP: 2/6
  1738 | D:3      | Gained mutation: You are slightly more attuned to the shadows. [demonic ancestry]
  1738 | D:3      | Reached XP level 4. HP: 27/31 MP: 2/8
  2958 | D:4      | Reached XP level 5. HP: 29/36 MP: 8/11
  3089 | D:4      | Reached skill level 4 in Ice Magic
  3335 | D:4      | Noticed a centaur
  3391 | D:4      | Gained mutation: You are partially covered in slimy green scales (AC +2). [demonic ancestry]
  3391 | D:4      | Reached XP level 6. HP: 26/42 MP: 6/13
  3863 | D:5      | Entered Level 5 of the Dungeon
  4583 | D:4      | Reached XP level 7. HP: 47/47 MP: 13/17
  4646 | D:5      | You fall through a shaft for 3 floors!
  5022 | D:7      | Reached skill level 5 in Ice Magic
  6582 | D:4      | Reached skill level 1 in Fighting
  6924 | D:6      | Reached skill level 5 in Spellcasting
  7015 | D:6      | Found a staircase to the Ecumenical Temple.
  7099 | Temple   | Entered the Ecumenical Temple
  7205 | Temple   | Became a worshipper of Sif Muna the Loreminder
  7257 | D:6      | Gained mutation: You are immune to rotting. [demonic ancestry]
  7257 | D:6      | Reached XP level 8. HP: 29/54 MP: 14/20
  7657 | D:6      | Reached skill level 6 in Ice Magic
  7760 | D:5      | Noticed Blork the orc
  7771 | D:5      | Killed Blork the orc
  8145 | D:5      | Noticed Ijyb
  8156 | D:5      | Killed Ijyb
  8437 | D:5      | Found an opulent altar of Gozag.
  8437 | D:5      | Found a sparkling altar of Nemelex Xobeh.
  8859 | D:7      | Acquired Sif Muna's first power
  9707 | D:7      | Learned a level 3 spell: Spider Form
 10013 | D:6      | Mangled by an ice beast

Action                   |  1- 3 |  4- 6 |  7- 9 || total
-------------------------+-------+-------+-------++-------
Melee: Dagger            |    33 |    64 |    52 ||   149
       Whip              |       |     2 |   136 ||   138
       Unarmed           |       |       |    15 ||    15
 Cast: Freeze            |    51 |   124 |   175 ||   350
       Throw Frost       |     3 |       |     4 ||     7
       Spider Form       |       |       |     3 ||     3
  Use: Scroll            |       |     7 |     8 ||    15
       Potion            |       |       |     5 ||     5
 Stab: Sleeping          |     6 |     6 |     8 ||    20
  Eat: Chunk             |     3 |     5 |     7 ||    15
       Fruit             |       |     1 |     6 ||     7
       Meat ration       |       |     1 |       ||     1
       Pizza             |       |       |     1 ||     1
       Beef jerky        |       |       |     1 ||     1
